Description

Maru made this tvz but it works TvX. (Stimpack timing makes it all)

VOD

https://www.youtube.com/watch?v=4fXekooqWMg

Build Order

Get SALT Encoding   

  12  0:00  SCV  
  13  0:13  SCV  
  14  0:17  Supply Depot  
  14  0:25  SCV  
  15  0:39  SCV  
  15  0:40  Barracks  
  15  0:44  Refinery  When your refinery is built put 3 SCV in
  16  0:51  SCV  
  17  1:04  SCV  
  18  1:16  SCV  
  19  1:27  Orbital Command, Reaper  On your 1st CC
  20  1:38  Command Center  
  20  1:50  Barracks  2nd rax for more marines
  20  1:53  SCV  
  21  2:03  Supply Depot, Barracks Reactor  on 1st rax
  21  2:05  SCV  
  22  2:12  Refinery  
  22  2:17  SCV  
  23  2:26  Factory  
  23  2:29  SCV  
  24  2:38  Barracks Tech Lab  2nd rax
  24  2:40  Marine x2  
  26  2:41  SCV  
  27  2:52  Orbital Command  
  27  2:54  SCV  
  28  2:57  Stimpack  
  28  2:59  Marine x3  
  31  3:06  SCV  
  32  3:14  Starport  
  32  3:18  SCV x2  
  34  3:21  Factory Reactor  Move your starport to the F. reactor
  34  3:25  Marine x2  
  36  3:31  SCV  
  37  3:36  Marine  
  38  3:37  Supply Depot  
  38  3:44  Marine x2  
  40  3:47  SCV  
  41  3:51  SCV  
  42  3:53  Supply Depot  
  42  3:59  Marine x3  
  45  4:03  Medivac x2, SCV x2  
  51  4:05  Factory Tech Lab  
  51  4:09  Supply Depot  
  51  4:14  SCV x2  
  53  4:17  Marine x3  
  56  4:27  SCV x2  
  58  4:32  Marine  
  59  4:33  Engineering Bay x2  
  59  4:40  Marine x2  
  61  4:43  SCV x2  
Spawning Tool Build Advisor. Get it on Overwolf

Analysis

This is the beginning of the marines drop harass. Make more medivacs and marines, if your opponent makes armored units (roaches, stalkers) build some marauders. Watch the VOD if required.

Go to:

Details

  • Created by: Bupovitch
  • Published on: Apr 29, 2018
  • Modified on: Apr 29, 2018
  • Patch: 4.0.0
Show
View Real Time Build Order
Export as new Build Order

Comments (0)

There are no comments. Be the first!

Create an account to comment!